 Dungeon Crawl Stone Soup version 0.30-a0-371-gad7725a93e (webtiles) character file.

Game seed: 1537114491887791798

2384 bande the Chopper (level 9, -4/55 HPs)
             Began as a Gargoyle Fighter on Nov 23, 2022.
             Slain by an orc warrior
             ... wielding a +0 glaive
              (7 damage)
             ... in a bailey.
             The game lasted 00:13:59 (6370 turns).

bande the Chopper (Gargoyle Fighter)                Turns: 6370, Time: 00:14:00

Health: -4/55      AC: 28    Str: 20    XL:     9   Next: 45%
Magic:  9/9        EV: 10    Int:  9    God:
Gold:   352        SH:  6    Dex: 13    Spells: 8/8 levels left

rFire   . . .      SeeInvis .    a - +1 war axe (venom)
rCold   . . .      Faith    .    c - +1 buckler
rNeg    + . .      Spirit   .    k - +0 plate armour
rPois   ∞          Reflect  .    o - +2 helmet
rElec   +          Harm     .    q - +0 cloak
rCorr   .          Rampage  .    (no gloves)
Will    .....                    (no boots)
Stlth   ..........               (no amulet)
HPRegen 0.29/turn                v - +4 ring of protection
MPRegen 0.11/turn                b - +4 ring of evasion

@: no status effects
A: sickness immunity, AC +6, negative energy resistance 1, electricity
resistance, torment resistance 1, petrification resistance
a: no special abilities


You were in a bailey.
You visited 1 branch of the dungeon, and saw 7 of its levels.
You also visited: Bailey.

You collected 352 gold pieces.

Inventory:

Hand Weapons
 a - a +1 war axe of venom (weapon)
 l - a +0 flail
Missiles
 A - a throwing net (quivered)
Armour
 c - a +1 buckler (worn)
 k - a +0 plate armour (worn)
 o - a +2 helmet (worn)
 q - a +0 cloak (worn)
Jewellery
 b - a +4 ring of evasion (right hand)
 h - a ring of protection from fire
 v - a +4 ring of protection (left hand)
Wands
 i - a wand of paralysis (6)
 t - a wand of iceblast (12)
 y - a wand of flame (41)
Scrolls
 m - a scroll of teleportation
 r - 7 scrolls of enchant armour
 u - a scroll of amnesia
 w - 2 scrolls of fear
 x - 2 scrolls of enchant weapon
 B - a scroll of identify
Potions
 d - a potion of might
 e - 2 potions of heal wounds
 f - 2 potions of brilliance
 g - 2 potions of curing
 j - 3 potions of cancellation
 n - 2 potions of flight
 p - a potion of mutation {unknown}
 s - a potion of degeneration {unknown}
 z - 2 potions of ambrosia {unknown}
 C - a potion of attraction {unknown}


   Skills:
 + Level 5.9 Fighting
 + Level 7.7 Axes
 + Level 6.6 Armour
 - Level 0.2 Dodging
 + Level 5.2 Shields
 * Level 4.1 Evocations


You had 8 spell levels left.
You didn't know any spells.
Your spell library contained the following spells:

 Spells                   Type           Power      Damage    Failure   Level
 Ensorcelled Hibernation  Hex/Ice        0%         N/A       100%        2
 Passwall                 Tmut/Erth      0%         N/A       100%        2
 Scorch                   Fire           0%         2d5       100%        2
 Wereblood                Tmut           0%         N/A       100%        2
 Swiftness                Air            0%         N/A       100%        3
 Flame Wave               Conj/Fire      0%         2d4       100%        4
 Summon Lightning Spire   Summ/Air       0%         N/A       100%        4
 Summon Cactus Giant      Summ           0%         N/A       100%        6
 Storm Form               Tmut/Air       0%         N/A       100%        7
 Summon Hydra             Summ           0%         N/A       100%        7
 Maxwell's Capacitive Co  Air            0%         ∞         100%        8
 Sublimation of Blood     Necr           Unusable   N/A       N/A         2

Dungeon Overview and Level Annotations

Branches:
Dungeon (7/15)             Bailey (1/1)
 Temple: D:4-7

Altars:
Hepliaklqana
Wu Jian

Shops:
D:3 [   D:4 (   D:5 :

Annotations:
D:5 2 transporters, jfcaron's ghost, amateur MeFi


Innate Abilities, Weirdness & Mutations

You are immune to sickness and miasma.
Your stone body is resilient. (AC +6)
You are immune to poison.
You resist negative energy. (rN+)
You are resistant to electric shocks. (rElec)
You are resistant to unholy torment.
You are immune to petrification.


Message History

You miss the orc warrior. You slash the orc warrior!
The orc warrior is poisoned.
The orc warrior hits you with a +0 glaive! x2
The orc warrior closely misses you.
The orc warrior hits you with a +0 glaive.
* * * LOW HITPOINT WARNING * * *
Unknown command.
You slash the orc warrior!
The orc warrior is poisoned.
The orc warrior is moderately wounded.
You barely miss the orc warrior.
The orc warrior hits you but does no damage.
The orc warrior hits you with a +0 glaive!
* * * LOW HITPOINT WARNING * * *
Unknown command.
You hit the orc warrior.
The orc warrior looks as sick as possible!
The orc warrior is heavily wounded.
You barely miss the orc warrior.
The orc warrior hits you but does no damage.
You block the orc warrior's attack.
You slash the orc warrior!
The orc warrior looks as sick as possible!
The orc warrior is almost dead.
You barely miss the orc warrior.
You kill the orc warrior!
The orc warrior hits you but does no damage.
Unknown command.
You hit the orc warrior but do no damage.
The orc warrior looks as sick as possible!
The orc warrior is moderately wounded.
The orc warrior hits you but does no damage.
You closely miss the orc warrior.
The orc warrior is moderately wounded.
The orc warrior hits you with a +0 glaive.
* * * LOW HITPOINT WARNING * * *
You hit the orc warrior.
The orc warrior looks as sick as possible!
The orc warrior is heavily wounded.
The orc warrior hits you with a +0 glaive!
You die...

#..........#
##..........##
#............###
#.♣............♣♣
#.♣♣.......♣.♣..♣#
......)).......≈≈#
....#....#....≈≈≈#
≈≈≈≈#....#≈≈≈≈≈≈≈#
≈≈≈ #..)@#≈≈≈≈≈≈≈#
≈≈≈ #..o)#≈≈≈≈≈≈≈#
≈≈≈≈#....#≈≈≈≈≈♣♣#
≈...#....#...♣♣♣♣
...........♣....♣#
.................#
###........####..#
$.####''####.$#.##
..............###


You could see an orc warrior (extremely poisoned).

Vanquished Creatures
  A troll (D:6)
  Grinder (D:3)
  Sigmund (D:2)
  A steam dragon (D:7)
  Menkaure (D:5)
  A water moccasin (D:4)
  Duvessa (D:5)
  An orc warrior (Bailey)
  An ice beast (D:6)
  An ogre (D:4)
  A centaur (D:7)
  2 kobold brigands (D:7)
  A bullfrog (D:7)
  2 scorpions (D:5)
  Dowan (D:5)
  A howler monkey (D:6)
  3 jellies
  A gnoll bouda (D:6)
  Crazy Yiuf (D:3)
  2 iguanas
  3 orc wizards
  9 gnolls
  9 adders
  A white imp (D:7)
  2 ufetubi
  A worm (D:2)
  3 dart slugs
  21 orcs
  5 bats
  5 endoplasms
  2 giant cockroaches (D:1)
  5 hobgoblins
  8 jackals
  22 kobolds
  2 quokkas
  8 ball pythons
  3 frilled lizards
  4 goblins
  10 rats
148 creatures vanquished.

Vanquished Creatures (others)
  An orc (D:7)
  A plant (D:3)
2 creatures vanquished.

Grand Total: 150 creatures vanquished

Notes
Turn   | Place    | Note
-------+----------+-------------------------------------------
     0 | D:1      | bande the Gargoyle Fighter began the quest for the Orb.
     0 | D:1      | Reached XP level 1. HP: 14/14 MP: 1/1
    42 | D:1      | Reached XP level 2. HP: 12/19 MP: 2/2
   310 | D:1      | Reached skill level 2 in Axes
   495 | D:1      | Reached XP level 3. HP: 13/24 MP: 0/3
  1322 | D:2      | Noticed Sigmund
  1342 | D:2      | Killed Sigmund
  1343 | D:2      | Reached skill level 3 in Axes
  1343 | D:2      | Reached XP level 4. HP: 19/29 MP: 4/4
  1343 | D:2      | Reached XP level 5. HP: 21/33 MP: 5/5
  1423 | D:2      | Reached skill level 4 in Axes
  1456 | D:2      | Reached XP level 6. HP: 38/38 MP: 6/6
  1665 | D:2      | Found an ornate altar of the Wu Jian Council.
  1754 | D:2      | Found a faded altar of an unknown god.
  2022 | D:3      | Noticed Grinder
  2031 | D:3      | Paralysed by Grinder for 2 turns
  2049 | D:3      | Killed Grinder
  2050 | D:3      | Reached skill level 1 in Evocations
  2050 | D:3      | Reached XP level 7. HP: 28/44 MP: 7/7
  2173 | D:3      | Found Vena's Armour Boutique.
  2503 | D:3      | Found a runed translucent door.
  2504 | D:3      | Noticed Crazy Yiuf
  2648 | D:3      | Killed Crazy Yiuf
  2722 | D:4      | Reached skill level 5 in Axes
  2898 | D:4      | Found Jaumaq Bozi's Weapon Shoppe.
  2915 | D:4      | Reached skill level 5 in Armour
  3168 | D:4      | HP: 1/44 [ogre/+0 giant club (19)]
  3784 | D:5      | Entered Level 5 of the Dungeon
  3907 | D:5      | Reached XP level 8. HP: 48/48 MP: 8/8
  3993 | D:5      | Noticed Menkaure
  3998 | D:5      | Reached skill level 5 in Fighting
  4003 | D:5      | Killed Menkaure
  4004 | D:5      | Reached skill level 6 in Axes
  4267 | D:5      | Found Fimur's Book Boutique.
  4317 | D:5      | Noticed Duvessa
  4317 | D:5      | Noticed Dowan
  4332 | D:5      | Killed Duvessa
  4340 | D:5      | Killed Dowan
  4511 | D:5      | Noticed jfcaron's ghost (amateur MeFi)
  4512 | D:5      | Found a transporter.
  4514 | D:5      | Identified the +3 great mace "Xastieso" {vorpal, Fragile
                  | rElec rC+}
  4523 | D:5      | Found a transporter.
  4935 | D:6      | Noticed a troll
  4950 | D:6      | HP: 1/49 [troll (3)]
  4960 | D:6      | Killed a troll
  5241 | D:6      | Reached skill level 7 in Axes
  5250 | D:6      | Reached XP level 9. HP: 52/54 MP: 9/9
  5349 | D:6      | Found a hazy altar of Hepliaklqana.
  5447 | D:6      | Reached skill level 5 in Shields
  5995 | D:7      | Identified the +9 flail "Zineus" {holy, rCorr Int+5 Stlth-}
  6259 | D:7      | Found a flagged portal.
  6268 | Bailey   | Entered a bailey
  6370 | Bailey   | Slain by an orc warrior

Illustrated notes

Levels and vault maps discovered:
D:1:      elethiomel_arrival_shortcut, layout_basic, minmay_misc_feat_cross,
          minivault_24, hangedman_decor_clover_reticule, minmay_pentomino_q2
D:2:      layout_loops_ring, basic_altar, hellmonk_ecumenical_altar_arch_garden,
          minmay_misc_feat_nine_boxes, uniq_sigmund
D:3:      layout_basic, serial_shops, nicolae_shop_crystal, serial_bayou_pond_b,
          uniq_crazy_yiuf_cottage, uniq_grinder
D:4:      layout_cave_pools, serial_shops, shop, hangedman_abyss_or_decor_stabs,
          grunt_ministairs_12
D:5:      layout_loops_ring, serial_shops, nicolae_shop_crystal,
          gammafunk_ghost_smash, uniq_menkaure, uniq_duvessa
D:6:      layout_gridville, nzn_hepliaklqana_mist_gate
D:7:      layout_basic, lemuel_temple_firewalk_a, enter_bailey_8,
          minmay_misc_feat_rows
Bailey:   bailey_polearm_elven_captive_hellmonk, bailey

Skill      XL: |  1  2  3  4  5  6  7  8  9 |
---------------+----------------------------+-----
Axes           | 2 3 4 5 7 |  7.7
Fighting       | 4 5 |  5.9
Armour         | 4 5 6 |  6.6
Shields        | 4 5 |  5.2
Evocations     | 1 2 3 4 |  4.1
Dodging        | |  0.2

Action                   |  1- 3 |  4- 6 |  7- 9 || total
-------------------------+-------+-------+-------++-------
Melee: War axe           |    96 |    93 |   305 ||   494
  Use: Scroll            |     2 |     5 |     8 ||    15
       Potion            |       |     1 |     3 ||     4
Armor: Scale mail        |    36 |       |       ||    36
       Plate armour      |     8 |    73 |   212 ||   293
Dodge: Dodged            |    43 |    20 |   158 ||   221
Block: Buckler           |    17 |    29 |    95 ||   141

Table legend: (Time is in decaauts)
 A = Elapsed time spent in this place.
 B = Non-inter-level travel time spent in this place.
 C = Inter-level travel time spent in this place.
 D = Time resting spent in this place.
 E = Time spent auto-exploring this place.
 F = Levels seen in this place.
 G = Mean time per level.
                   A        B        C        D        E       F      G
               +--------+--------+--------+--------+--------+-----+--------+
         Total |   6516 |   6505 |     11 |   1569 |   3472 |   8 |  814.5 |
       Dungeon |   6412 |   6401 |     11 |   1569 |   3437 |   7 |  916.0 |
        Bailey |    104 |    104 |      0 |      0 |     35 |   1 |  104.0 |
               +--------+--------+--------+--------+--------+-----+--------+

Top non-repeatable levels by time:
     D:1: 1273 daAuts
     D:5: 1110 daAuts
     D:4: 1073 daAuts
     D:6: 912 daAuts
     D:2: 855 daAuts
     D:3: 694 daAuts
     D:7: 492 daAuts
  Bailey: 104 daAuts
